 Dungeon Crawl Stone Soup version 0.29.1-12-g30fa7ad0bf (webtiles) character file.

Game seed: 14315178816313248956

112 FexLirch the Shooter (level 4, -11/23 HPs)
             Began as a Spriggan Hunter on Jan 13, 2023.
             Mangled by a gnoll
             ... wielding a +0 halberd
              (15 damage)
             ... on level 3 of the Dungeon.
             The game lasted 00:02:48 (1609 turns).

FexLirch the Shooter (Spriggan Hunter)              Turns: 1609, Time: 00:02:48

Health: -11/23     AC:  4    Str:  7    XL:     4   Next: 63%
Magic:  5/5        EV: 19    Int: 10    God:
Gold:   137        SH:  0    Dex: 20    Spells: 3/3 levels left

rFire   . . .      SeeInvis +   a - +0 shortbow
rCold   . . .      Faith    .   (shield currently unavailable)
rNeg    . . .      Spirit   .   c - +0 robe
rPois   .          Reflect  .   (helmet restricted)
rElec   .          Harm     .   p - +1 cloak {Stlth+}
rCorr   .          Rampage  .   (gloves unavailable)
Will    .....                   (boots unavailable)
Stlth   ++++......              (no amulet)
HPRegen 0.07/turn               (no ring)
MPRegen 0.09/turn               (no ring)

@: about to teleport, very quick
A: very small, no large weapons, unfitting armour, see invisible, speed 3
a: no special abilities


You were on level 3 of the Dungeon.
You visited 1 branch of the dungeon, and saw 3 of its levels.

You collected 137 gold pieces.

Inventory:

Hand Weapons
 a - a +0 shortbow (weapon)
Armour
 c - a +0 robe (worn)
 e - a +2 cloak
 p - a +1 cloak of stealth (worn)
Wands
 r - a wand of flame (13)
 t - a wand of digging (5)
Scrolls
 b - a scroll of immolation
 d - a scroll of fog {unknown}
 g - a scroll of brand weapon {unknown}
 k - a scroll of silence {unknown}
 m - 3 scrolls of identify
 n - a scroll of noise {unknown}
 o - a scroll of vulnerability {unknown}
 q - a scroll of fear {unknown}
 v - a scroll of blinking {unknown}
Potions
 f - a potion of attraction {unknown}
 h - a potion of magic {unknown}
 i - a potion of haste {unknown}
 l - a potion of curing {unknown}
 s - 2 potions of lignification {unknown}
 u - a potion of mutation {unknown}


   Skills:
 + Level 2.2 Fighting
 * Level 4.9 Ranged Weapons
 + Level 3.7 Dodging
 + Level 3.4 Stealth


You had 3 spell levels left.
You didn't know any spells.
Your spell library contained the following spells:

 Spells                   Type           Power      Damage    Failure   Level
 Ozocubu's Armour         Ice            0%         N/A       75%         3
 Ozocubu's Refrigeration  Ice            0%         4d7       100%        7


Dungeon Overview and Level Annotations

Branches:
Dungeon (3/15)

Altars:
Hepliaklqana

Annotations:
D:3 1 transporter, Grinder


Innate Abilities, Weirdness & Mutations

You are very small and have problems with some larger weapons.
You are too small for most types of armour.
You have supernaturally acute eyesight. (SInv)
You cover ground extremely quickly. (Speed+++)


Message History

Aim: a gnoll, wielding a +0 halberd (fire blocked by a translucent stone wall, 69% to hit)
Okay, then.
Unknown command.
Fire: a) +0 shortbow
Press: ? - help, Q - select action, (/) - cycle Shift-Dir - straight line, f/p - gnoll
Aim: a gnoll, wielding a +0 halberd (fire blocked by a translucent stone wall, 69% to hit)
Okay, then.
Unknown command.
Fire: a) +0 shortbow
Press: ? - help, Q - select action, (/) - cycle Shift-Dir - straight line, f - gnoll, p - gnoll
Aim: a gnoll, wielding a +1 spear of electrocution and quivering a throwing net (69% to hit)
You shoot an arrow. The arrow hits the gnoll!
The gnoll is severely wounded.
Fire: a) +0 shortbow
Press: ? - help, Q - select action, (/) - cycle Shift-Dir - straight line, f/p - gnoll
Aim: a gnoll, wielding a +1 spear of electrocution and quivering a throwing net (69% to hit)
You shoot an arrow. The arrow hits the gnoll.
The gnoll is almost dead.
The gnoll hits the plant with a +0 flail!
The plant begins to die.
The gnoll barely misses you.
The gnoll hits the plant with a +0 flail!
The gnoll hits you from afar with a +1 spear of electrocution.
You are electrocuted!
Ouch! That really hurt!
* * * LOW HITPOINT WARNING * * *
As you read the scroll labelled QUYC ZENOCI, it crumbles to dust.
It is a scroll of identify.
j - a scroll of teleportation
Okay, then.
Unknown command.
As you read the scroll of teleportation, it crumbles to dust.
You feel strangely unstable.
Fire: a) +0 shortbow
Press: ? - help, Q - select action, (/) - cycle Shift-Dir - straight line, f - gnoll
Aim: a gnoll, wielding the +6 halberd of Moderation {venom, Int+3} and quivering 2 throwing nets (69% to hit)
You shoot an arrow. The arrow hits the gnoll.
The gnoll is lightly wounded.
The gnoll hits you from afar with a +0 halberd!
Ouch! That really hurt!
You die...

#......#.#..P#.#..≈≈....##.#
#<#.
##.≈≈.##.##.##.##.≈≈..#....#
#.#. #.≈≈.#..#P.P#.©#.≈≈.##.##.#
#.#. #.≈≈.##ggg..'.##.≈≈.##.##.#
#.#.
#.≈≈..#.#P.P#.#..≈≈.##.##.###.##
#.≈≈###.##'##.###≈≈....##.....#
#.≈≈#.....g.ggg.#≈≈.#####.#####
#.≈≈#8.###.###.8#≈≈.# #.#
#.≈≈#..#8###8#.@#≈≈.# ##.#
#.≈≈####.....####≈≈.# ##..#
#.≈≈≈≈≈≈≈≈~≈≈≈≈≈≈≈≈.# #..##
#.≈≈≈≈≈≈≈≈~≈≈≈≈≈≈≈≈.# #.##
#...................###.#
#####...................#
#####################


You could see 3 gnolls.

Vanquished Creatures
  Jessica (D:3)
  Terence (D:3)
  An adder (D:3)
  A worm (D:2)
  4 dart slugs
  7 ball pythons
  3 endoplasms
  3 giant cockroaches
  2 hobgoblins
  3 quokkas
  7 bats
  2 frilled lizards (D:1)
  4 goblins
  3 kobolds (D:1)
  2 rats
44 creatures vanquished.

Vanquished Creatures (others)
  3 plants (D:3)
3 creatures vanquished.

Grand Total: 47 creatures vanquished

Notes
Turn   | Place    | Note
-------+----------+-------------------------------------------
     0 | D:1      | FexLirch the Spriggan Hunter began the quest for the Orb.
     0 | D:1      | Reached XP level 1. HP: 10/10 MP: 2/2
     2 | D:1      | Noticed an elf
     2 | D:1      | Noticed a vampire
     4 | D:1      | Noticed a spriggan
     6 | D:1      | Noticed a demigod
     6 | D:1      | Noticed a ghoul
     8 | D:1      | Noticed a demonspawn
    10 | D:1      | Noticed a draconian
    10 | D:1      | Noticed a naga
    12 | D:1      | Noticed a minotaur
    14 | D:1      | Noticed a merfolk
    14 | D:1      | Noticed a felid
    16 | D:1      | Noticed a gargoyle
    16 | D:1      | Noticed a meteoran
    18 | D:1      | Noticed a troll
    18 | D:1      | Noticed a vine stalker
    20 | D:1      | Noticed a palentonga
    20 | D:1      | Noticed a formicid
    22 | D:1      | Noticed an ogre
    22 | D:1      | Noticed a tengu
    24 | D:1      | Noticed an octopode
    24 | D:1      | Noticed a palentonga
    26 | D:1      | Noticed a formicid
    26 | D:1      | Noticed a demigod
   200 | D:1      | Reached XP level 2. HP: 15/15 MP: 3/3
   704 | D:2      | Reached XP level 3. HP: 18/18 MP: 4/4
   707 | D:2      | Identified the +0 ring mail of the Saviour {rElec Will+
                  | Slay-6}
  1106 | D:3      | Found a hazy altar of Hepliaklqana.
  1169 | D:3      | Noticed Grinder
  1209 | D:3      | Noticed Terence
  1224 | D:3      | Killed Terence
  1225 | D:3      | Reached XP level 4. HP: 23/23 MP: 5/5
  1305 | D:3      | Noticed Jessica
  1308 | D:3      | Killed Jessica
  1375 | D:3      | Found a faded altar of an unknown god.
  1516 | D:3      | Found a transporter.
  1518 | D:3      | Identified the +6 halberd of Moderation {venom, Int+3}
  1571 | D:3      | Found a transporter.
  1609 | D:3      | Mangled by a gnoll

Illustrated notes

Levels and vault maps discovered:
D:1:      kb_arrival_jail, layout_basic, st_stairs_3
D:2:      layout_basic, st_stairs_4
D:3:      layout_loops_ring, nicolae_hepliaklqana_hazy_memory,
          shapermc_ecumenical_altar_venn, gammafunk_ghost_gnarly_gnolls,
          uniq_grinder, uniq_terence, uniq_jessica

Skill      XL: |  1  2  3 |
---------------+----------+-----
Stealth        | 2 3 |  3.4
Dodging        | 3 |  3.7
Fighting       | 2 |  2.2
Ranged Weapons | |  4.9

Action                   |  1- 3 |  4- 6 || total
-------------------------+-------+-------++-------
 Fire: Shortbow          |    82 |    29 ||   111
  Use: Scroll            |       |     2 ||     2
Armor: Robe              |     2 |     5 ||     7
Dodge: Dodged            |    13 |    16 ||    29
